Map: Solaris LE

Players

Toxy - Winner!

  • Race: Terran Terran
  • League: Platinum
  • Spawn Location: 1:00

Subwayeatn

  • Race: Protoss Protoss
  • League: Platinum
  • Spawn Location: 7:00

VOD

Have the link to the VOD?

Description

Time

  • Played on: Oct. 21, 2023, 4:02 p.m.
  • Length: 9:32
Show
View Real Time Build Order
Export as new Build Order

Toxy Terran - Winner!

Build Orders:  

Get SALT Encoding   

  12  0:00  SCV  
  13  0:12  SCV  
  14  0:22  Supply Depot  
  14  0:24  SCV  
  15  0:44  Barracks  
  16  0:50  SCV, Refinery  
  16  1:02  SCV  
  17  1:14  SCV  
  18  1:26  SCV  
  18  1:28  Refinery  
  19  1:38  Reaper, SCV  
  21  1:41  Supply Depot  
  21  1:51  Orbital Command  
  21  2:08  Factory  
  21  2:25  Barracks Tech Lab  
  21  2:26  SCV  
  22  2:36  Command Center  
  22  2:38  SCV  
  23  2:50  SCV  
  24  3:02  Marine  
  24  3:03  Stimpack  
  24  3:05  Widow Mine  
  27  3:15  Starport  
  27  3:21  Marine  
  27  3:25  Barracks  
  27  3:27  Widow Mine  
  30  3:37  SCV  
  30  3:41  Supply Depot  
  31  3:47  Marine  
  31  3:48  Widow Mine  
  34  3:50  Orbital Command  
  34  4:02  Starport Reactor  
  34  4:08  Engineering Bay  
  34  4:09  Marine  
  35  4:15  Orbital Command  
  35  4:18  Marine  
  36  4:27  Marine  
  36  4:28  SCV  
  38  4:31  Factory Tech Lab  
  38  4:37  Terran Infantry Weapons Level 1  
  38  4:38  Supply Depot  
  38  4:40  SCV  
  38  4:42  Marine  
  38  4:43  Medivac  
  44  4:45  Marauder  
  44  4:46  Medivac  
  46  4:53  Refinery  
  46  4:54  SCV  
  46  4:56  Combat Shield  
  47  5:01  SCV  
  47  5:06  Marine, SCV  
  52  5:07  Marauder  
  52  5:13  SCV  
  53  5:15  Missile Turret  
  53  5:23  Medivac  
  53  5:25  Barracks Reactor  
  53  5:26  Barracks  
  55  5:28  Marine  
  56  5:46  Armory, Marine  
  57  5:51  Engineering Bay  
  57  5:59  SCV x2  
  59  6:04  Marine  
  59  6:06  Marine  
  59  6:07  Supply Depot, Marine  
  62  6:15  SCV  
  62  6:18  Concussive Shells  
  62  6:21  Barracks  
  62  6:28  Medivac, Marine x2, SCV x2  
  62  6:29  Marauder  
  56  6:48  Marine x2  
  56  6:49  Marine x2  
  56  6:51  SCV x2  
  62  6:55  Refinery  
  62  6:59  Terran Infantry Weapons Level 2  
  62  7:02  Terran Infantry Armor Level 1  
  62  7:04  Command Center  
  62  7:05  Terran Ship Weapons Level 1  
  62  7:06  Marine x3  
  62  7:08  Marauder  
  67  7:09  Missile Turret  
  67  7:10  SCV  
  67  7:13  Barracks  
  68  7:21  Barracks Reactor  
  68  7:23  Barracks  
  68  7:24  Marine x2  
  70  7:32  Medivac  
  70  7:33  Marine x2  
  70  7:43  Supply Depot  
  70  7:45  Supply Depot  
  70  8:01  Missile Turret  
  70  8:04  Marine  
  70  8:05  SCV x2, Marine x3  
  76  8:06  Supply Depot  
  76  8:12  Marine x3  
  79  8:17  SCV x2  
  79  8:18  Planetary Fortress, Supply Depot  
  81  8:20  Missile Turret  
  81  8:22  Marine  
  81  8:23  Marine, Marauder  
  81  8:24  Marine  
  81  8:26  Medivac  
  88  8:29  SCV x2  
  88  8:31  Liberator  
  93  8:41  SCV  
  93  8:43  Marine x2  
  93  8:44  SCV, Marauder  
  99  8:50  Barracks  
  99  8:53  SCV  
  99  8:54  Supply Depot  
  99  8:55  Missile Turret  
  100  8:59  SCV  
  100  9:00  SCV  
  102  9:13  SCV  
Show
View Real Time Build Order
Export as new Build Order

Subwayeatn Protoss 

Build Orders:  

Get SALT Encoding   

  12  0:00  Probe  
  13  0:12  Probe  
  14  0:20  Pylon  
  14  0:24  Probe  
  15  0:38  Probe  
  15  0:39  Gateway  
  16  0:50  Probe  
  17  0:58  Pylon  
  17  1:04  Assimilator  
  17  1:06  Probe (Chrono Boost)  
  18  1:17  Probe (Chrono Boost)  
  19  1:23  Gateway  
  19  1:30  Zealot  
  21  1:34  Cybernetics Core  
  21  1:40  Probe  
  22  1:48  Assimilator  
  22  1:52  Probe  
  23  2:04  Probe  
  24  2:10  Pylon  
  24  2:11  Warp Gate  
  24  2:14  Zealot x2  
  28  2:16  Probe (Chrono Boost)  
  29  2:28  Probe (Chrono Boost)  
  29  2:29  Pylon  
  30  2:43  Stalker  
  30  2:44  Stalker  
  31  2:59  Probe  
  32  3:10  Nexus  
  32  3:23  Zealot  
  32  3:26  Pylon  
  34  3:29  Probe (Chrono Boost)  
  35  3:34  Zealot  
  35  3:41  Probe (Chrono Boost)  
  38  3:49  Probe (Chrono Boost)  
  39  4:04  Probe  
  39  4:05  Stargate  
  40  4:21  Stargate  
  40  4:24  Twilight Council  
  40  4:27  Protoss Air Weapons Level 1  
  40  4:34  Assimilator  
  40  4:39  Probe  
  40  4:41  Assimilator, Probe  
  42  4:51  Probe  
  43  4:53  Zealot, Probe  
  43  4:57  Zealot  
  48  5:02  Charge  
  48  5:06  Probe x2 (Chrono Boost)  
  50  5:18  Probe x2 (Chrono Boost)  
  52  5:22  Phoenix  
  52  5:25  Probe x2 (Chrono Boost)  
  52  5:27  Phoenix  
  58  5:41  Zealot x2  
  62  5:43  Pylon  
  62  5:52  Forge  
  62  5:56  Pylon  
  62  5:57  Phoenix  
  62  6:00  Phoenix  
  66  6:05  Probe x2  
  68  6:17  Probe x2  
  69  6:29  Probe x2  
  55  6:47  Phoenix x2  
  55  6:51  Protoss Ground Weapons Level 1  
  59  7:02  Photon Cannon  
  59  7:03  Pylon  
  59  7:07  Zealot x2  
  63  7:10  Probe x2  
  63  7:12  Phoenix x2  
  65  7:25  Probe x2  
  67  7:33  Photon Cannon  
  67  7:36  Photon Cannon  
  67  7:37  Probe x2  
  67  7:41  Robotics Facility, Phoenix  
  67  7:44  Phoenix  
  73  7:49  Probe x2  
  75  7:59  Gateway  
  75  8:00  Gateway  
  75  8:04  Gateway  
  75  8:11  Pylon x2  
  75  8:14  Phoenix  
  75  8:16  Phoenix  
  79  8:26  Stalker  
  81  8:29  Stalker  
  83  8:34  Probe  
  84  8:54  Zealot x2  
  88  8:59  Nexus  
  88  9:01  Observer  
  89  9:06  Probe  
  89  9:07  Probe  
  69  9:22  Zealot x2  
  59  9:27  Zealot x2  
Tags
 
Matchup
PvT
Replay Pack
Multiplayer
Spawn Locations
Cross Positions
Add a new tag
Caveats
  • Supply blocks, unpowered buildings, or Contaminate may cause inaccurate times.
  • Supply counts are checked every 10 seconds.